 Dungeon Crawl Stone Soup version 0.30-a0-591-g3c58d2bc28 (webtiles) character file.

Game seed: 10777894186406893231

7 rogsnak the Digger (level 1, -3/13 HPs)
             Began as a Demonspawn Earth Elementalist on Jan 6, 2023.
             Succumbed to a kobold's poison
             ... on level 1 of the Dungeon.
             The game lasted 00:00:52 (174 turns).

rogsnak the Digger (Demonspawn Earth Elementalist)   Turns: 174, Time: 00:00:53

Health: -3/13      AC:  2    Str:  8    XL:     1   Next: 83%
Magic:  1/3        EV: 12    Int: 16    God:
Gold:   0          SH:  0    Dex: 13    Spells: 3/4 levels left

rFire   . . .      SeeInvis .    e - +0 dagger
rCold   . . .      Faith    .    (no shield)
rNeg    . . .      Spirit   .    a - +0 robe
rPois   .          Reflect  .    (no helmet)
rElec   .          Harm     .    (no cloak)
rCorr   .          Rampage  .    (no gloves)
Will    .....                    (no boots)
Stlth   ++                       (no amulet)
HPRegen 0.22/turn                (no ring)
MPRegen 0.08/turn                (no ring)

@: lethally poisoned (-3 -> -19)
A: no striking features
a: no special abilities


You were on level 1 of the Dungeon.
You visited 1 branch of the dungeon, and saw 1 of its levels.

Inventory:

Hand Weapons
 e - a +0 dagger (weapon)
Missiles
 c - 8 stones
Armour
 a - a +0 robe (worn)
Scrolls
 d - a scroll of acquirement {unknown}
 f - a scroll of amnesia {unknown}
 g - a scroll of identify {unknown}
Potions
 b - 3 potions of magic


   Skills:
 + Level 1.7 Dodging
 + Level 1.9 Stealth
 + Level 2.2 Spellcasting
 + Level 1.1 Transmutations
 + Level 2.8 Earth Magic


You had 3 spell levels left.
You knew the following spells:

 Your Spells              Type           Power      Damage    Failure   Level
a - Sandblast             Erth           20%        2d7       6%          1

Your spell library contained the following spells:

 Spells                   Type           Power      Damage    Failure   Level
 Passwall                 Tmut/Erth      6%         N/A       14%         2
 Stone Arrow              Conj/Erth      12%        3d7       34%         3
 Petrify                  Tmut/Erth      8%         N/A       65%         4


Dungeon Overview and Level Annotations

Branches:
Dungeon (1/15)

Altars:


Message History

g - a scroll labelled TABOUH ZOFISTA You see here a quokka corpse.
A kobold comes into view. It is wielding a +2 dagger of venom.
The kobold shouts!
You hear an angry hiss.
The kobold throws a stone.
The stone hits you.
A frilled lizard comes into view.
Found a scroll labelled KIZUEF ZUUWUH.
The frilled lizard hisses angrily.
The frilled lizard bites you.
The kobold hits you with a +2 dagger of venom.
You are lethally poisoned!
You see here a +0 robe.
Casting: Sandblast (safe; 6% risk of failure)
Confirm with . or Enter, or press ? or * to list all spells.
Aiming: Sandblast (safe; 6% risk of failure)
Press: ? - help, Shift-Dir - straight line, f - frilled lizard
Aim: a frilled lizard (70% to hit)
Okay, then.
The kobold attacks as you move away! The kobold barely misses you.
You feel very sick.
Casting: Sandblast (safe; 6% risk of failure)
Confirm with . or Enter, or press ? or * to list all spells.
Aiming: Sandblast (safe; 6% risk of failure)
Press: ? - help, Shift-Dir - straight line, f - kobold
Aim: a kobold, wielding a +2 dagger of venom and quivering stones (77% to hit)
The blast of sand hits the frilled lizard.
You kill the frilled lizard!
You feel sick.
The kobold hits you with a +2 dagger of venom.
* * * LOW HITPOINT WARNING * * *
You are more poisoned.
Unknown command.
Casting: Sandblast (safe; 6% risk of failure)
Confirm with . or Enter, or press ? or * to list all spells.
Aiming: Sandblast (safe; 6% risk of failure)
Press: ? - help, Shift-Dir - straight line, f/p - kobold
Aim: a kobold, wielding a +2 dagger of venom and quivering stones (77% to hit)
The blast of sand hits the kobold.
The kobold is severely wounded.
You die...

### ### ##.. ... #...
.. #.#.##.# #..#K.# .
#.#@##?# . #.#†##.#.#
#..#)[#..## .
#.#†##.#..# ~.
#.........# ~~~
.####...##....+ .≈~≈
>............####.≈~≈≈
#.#####...#........~~~
+...........~~~~


You could see a kobold.

Vanquished Creatures
  2 goblins (D:1)
  2 quokkas (D:1)
  2 bats (D:1)
  A frilled lizard (D:1)
7 creatures vanquished.

Notes
Turn   | Place    | Note
-------+----------+-------------------------------------------
     0 | D:1      | rogsnak the Demonspawn Earth Elementalist began the quest
                  | for the Orb.
     0 | D:1      | Reached XP level 1. HP: 13/13 MP: 3/3
   138 | D:1      | Reached skill level 1 in Transmutations
   174 | D:1      | Succumbed to a kobold's poison

Illustrated notes

Levels and vault maps discovered:
D:1:      lemuel_arrival_cross, layout_basic, chequers_ecumenical_altar_island,
          minmay_small_reverse_x

Skill      XL: |  1 |
---------------+----+-----
Transmutations | 1 |  1.1
Dodging        | |  1.7
Stealth        | |  1.9
Spellcasting   | |  2.2
Earth Magic    | |  2.8

Action                   || total
-------------------------++-------
Melee: Dagger            ||     7
       Unarmed           ||     3
 Cast: Sandblast         ||    12
Armor: Robe              ||     5
Dodge: Dodged            ||    11

Table legend: (Time is in decaauts)
 A = Elapsed time spent in this place.
 B = Non-inter-level travel time spent in this place.
 C = Inter-level travel time spent in this place.
 D = Time resting spent in this place.
 E = Time spent auto-exploring this place.
 F = Levels seen in this place.
 G = Mean time per level.
                   A        B        C        D        E       F      G
               +--------+--------+--------+--------+--------+-----+--------+
         Total |    179 |    179 |      0 |     92 |     27 |   1 |  179.0 |
       Dungeon |    179 |    179 |      0 |     92 |     27 |   1 |  179.0 |
               +--------+--------+--------+--------+--------+-----+--------+

Top non-repeatable levels by time:
     D:1: 179 daAuts
